 Dungeon Crawl Stone Soup version 0.21.1 (webtiles) character file.

426 tidbits the Insei (level 6, -4/47 HPs)
             Began as a Gnoll Transmuter on Feb 3, 2018.
             Slain by an orc warrior
             ... wielding a +0 vampiric trident
              (14 damage)
             ... on level 6 of the Dungeon.
             The game lasted 00:08:41 (905 turns).

tidbits the Insei (Gnoll Transmuter)                 Turns: 905, Time: 00:08:42

Health: -4/47      AC:  4    Str: 10 (12) XL:     6   Next: 97%
Magic:  14/14      EV: 14    Int: 16 (17) God:
Gold:   93         SH:  0    Dex: 12 (14) Spells: 9/15 levels left

rFire    . . .     SeeInvis .   o - +3 dagger (venom)
rCold    . . .     Gourm    .   (no shield)
rNeg     . . .     Faith    .   b - +0 robe
rPois    .         Spirit   .   n - +2 helmet
rElec    .         Reflect  .   (no cloak)
rCorr    .         Harm     .   (no gloves)
MR       .....                  (no boots)
Stlth    ++........             (no amulet)
HPRegen  0.15/turn              (no ring)
MPRegen  0.14/turn              (no ring)

@: very slightly contaminated
A: distributed training, fangs 1, clumsy 1, deformed body, mutation resistance
1, strong nose
a: no special abilities


You were on level 6 of the Dungeon.
You were full.

You visited 1 branch of the dungeon, and saw 6 of its levels.

You collected 93 gold pieces.

Inventory:

Hand Weapons
 f - a +0 short sword
 o - a +3 dagger of venom (weapon)
   (You took it off a goblin on level 3 of the Dungeon)
Missiles
 a - 60 arrows
 e - 7 bolts
Armour
 b - a +0 robe (worn)
 j - a +0 shield
 n - a +2 helmet (worn)
Wands
 t - a wand of acid (3)
Scrolls
 g - a scroll of teleportation
Potions
 k - a potion of curing
Books
 c - a book of Changes

   Spells                             Type                      Level
   a - Beastly Appendage              Transmutation                1
   b - Sticks to Snakes               Transmutation                2
   c - Spider Form                    Transmutation/Poison         3
   d - Ice Form                       Ice/Transmutation            4
   e - Blade Hands                    Transmutation                5
Comestibles
 d - 6 rations


   Skills:
 + Level 3.3 Fighting
 + Level 2.1 Short Blades
 + Level 2.1 Long Blades
 + Level 2.1 Axes
 + Level 2.1 Maces & Flails
 + Level 2.1 Polearms
 + Level 2.1 Staves
 + Level 2.1 Slings
 + Level 2.1 Bows
 + Level 2.1 Crossbows
 + Level 2.1 Throwing
 + Level 2.1 Armour
 + Level 5.0 Dodging
 + Level 2.1 Stealth
 + Level 2.1 Shields
 + Level 6.9 Unarmed Combat
 + Level 5.4 Spellcasting
 + Level 1.7 Conjurations
 + Level 1.7 Hexes
 + Level 1.7 Charms
 + Level 1.7 Summonings
 + Level 1.7 Necromancy
 + Level 1.7 Translocations
 + Level 4.2 Transmutations
 + Level 1.7 Fire Magic
 + Level 1.7 Ice Magic
 + Level 1.7 Air Magic
 + Level 1.7 Earth Magic
 + Level 1.7 Poison Magic
 + Level 2.3 Invocations
 + Level 2.1 Evocations


You had 9 spell levels left.
You knew the following spells:

 Your Spells              Type           Power        Failure   Level  Hunger
e - Beastly Appendage     Tmut           ###...       2%          1    None
k - Sticks to Snakes      Tmut           ###.....     3%          2    #......
p - Spider Form           Tmut/Pois      ##........   13%         3    ###....


Dungeon Overview and Level Annotations

Branches:
Dungeon (6/15)
 Temple: D:4-7

Altars:
Kikubaaqudgha
Makhleb
Okawaru
Qazlal
Vehumet
Zin

Annotations:
D:6 Dowan, Duvessa


Innate Abilities, Weirdness & Mutations

Your experience applies equally to all skills.
You have very sharp teeth.
Your uncanny sense of smell can sniff out nearby items.
You are clumsy. (Dex -2)
Armour fits poorly on your strangely shaped body.
You are somewhat resistant to further mutation.


Message History

s - a potion of invisibility
Found a chain mail.
You see here a chain mail.
Okay, then.
Unknown command.
As you read the scroll labeled GINOS MIHEF, it crumbles to dust.
You experience a momentary feeling of inescapable doom!
It was a scroll of random uselessness.
As you read the scroll labeled NUCWUGA BUYSHRY, it crumbles to dust.
You feel aware of your surroundings.
It was a scroll of magic mapping.
Unknown command.
You see here a chain mail.
Found a leather armour.
Found a scroll of teleportation.
You see here a leather armour.
You see here a scroll of teleportation.
g - a scroll of teleportation An orc, an orc wizard and Duvessa come into view.
Found a coppery potion.
It was a potion of degeneration.
There was something very wrong with that liquid.
You feel weakened.
You feel dopey.
You feel clumsy.
You fade into invisibility!
You are very lightly contaminated with residual magic.
Unknown command.
An orc comes into view.
The orc wizard misses you.
Unknown command.
You hit the orc wizard.
The orc wizard is poisoned.
The orc wizard is lightly wounded.
The orc wizard misses you.
You hit the orc wizard.
The orc wizard looks as sick as possible!
The orc wizard is moderately wounded.
The orc wizard hits you with a dagger.
* * * LOW HITPOINT WARNING * * *
You hit the orc wizard.
The orc wizard looks as sick as possible!
The orc wizard is almost dead.
The orc wizard points at you and mumbles some strange words.
The puff of flame misses you.
You hit the orc wizard.
You kill the orc wizard!
An orc and Dowan come into view.
The orc shouts! x2; Dowan shouts!
Duvessa shouts!
An orc warrior comes into view. It is wielding a vampiric trident.
Things that are here:
a dagger; a robe; a coppery potion Evoke which item? (* to show all) (? for menu, Esc to quit)
Aiming: Corrosive Bolt
Press: ? - help, Shift-Dir - straight line, f - orc
Aim: an orc (hasn't noticed you)
Okay, then.
Unknown command.
The orc shouts!
Unknown command.
You hit Duvessa.
Duvessa is lightly wounded.
Duvessa hits you but does no damage.
Evoke which item? (* to show all) (? for menu, Esc to quit)
Aiming: Corrosive Bolt
Press: ? - help, Shift-Dir - straight line, f - Dowan
Aim: Dowan, wielding a dagger and wearing a robe (hasn't noticed you)
The bolt of acid hits Duvessa.
Duvessa is splashed with acid.
Duvessa is heavily wounded.
The bolt of acid misses Dowan.
Duvessa shouts!
Duvessa closely misses you. The orc completely misses you.
Unknown command.
You hit Duvessa but do no damage.
Duvessa is heavily wounded.
You flicker for a moment.
The orc hits you but does no damage.
You hit Duvessa.
Duvessa is poisoned.
Duvessa is heavily wounded.
Duvessa says, "Where magic fails, the sword succeeds!"
Duvessa completely misses you. The orc closely misses you.
You hit Duvessa but do no damage.
Duvessa looks as sick as possible!
Duvessa is heavily wounded.
Dowan drinks a potion.
Dowan suddenly seems more agile.
The orc hits you.
* * * LOW HITPOINT WARNING * * *
Duvessa misses you. The orc closely misses you.
You hit Duvessa.
Duvessa looks as sick as possible!
Duvessa is severely wounded.
The orc barely misses you. Duvessa hits you with a rapier!
* * * LOW HITPOINT WARNING * * *
The orc misses you.
Unknown command.
You hit Duvessa. Your punch misses Duvessa.
Duvessa is almost dead.
You hit the orc warrior but do no damage.
You flicker back into view.
Duvessa shouts!
The orc barely misses you. The orc warrior misses you.
You hit Duvessa.
Duvessa is almost dead.
The orc hits you but does no damage. Duvessa closely misses you.
The orc closely misses you.
The orc warrior hits you with a vampiric trident!
You die...

*,* #.#,,∆,,* **#,*
#.#**,,,* *,.,* #.# *,,,*
**#.* #.# *,*********
####.* #.# *,,,,,,,,,,
#....####.# *********,,
#.....o.#.###### *,,
#....oo.)......# *,,
#.#.ee@o#.#..#.#*******
*,#.#####.#..#,,,,.# *
*...,,,,..#..#####.# *
#############......#.#***
#...........#..#.#.#.#,,,
**#.#########.##.#.###.#,**
*,,,,,* #[##.#.[...#,*
*,,,,,* #.##......##,**
*,,,,,* #.#######.#*,,,


You could see Duvessa, an orc warrior, Dowan and 3 orcs.

Vanquished Creatures
  A black bear (D:5)
  A phantom (D:4)
  A centaur (D:5)
  A scorpion (D:5)
  An orc wizard (D:6)
  A worker ant (D:5)
  4 adders
  A shadow imp (D:5)
  2 worms
  A dart slug (D:3)
  A leopard gecko (D:3)
  A giant cockroach (D:1)
  A goblin (D:3)
  A hobgoblin (D:2)
  3 kobolds
  A quokka (D:3)
  4 bats
  3 frilled lizards
  A quokka skeleton (D:3)
  2 rats
32 creatures vanquished.

Notes
Turn   | Place    | Note
-------+----------+-------------------------------------------
     0 | D:1      | tidbits the Gnoll Transmuter began the quest for the Orb.
     0 | D:1      | Reached XP level 1. HP: 17/17 MP: 6/6
   106 | D:2      | Reached XP level 2. HP: 23/23 MP: 5/7
   110 | D:2      | Learned a level 2 spell: Sticks to Snakes
   191 | D:3      | Found a radiant altar of Vehumet.
   211 | D:3      | Found an ancient bone altar of Kikubaaqudgha.
   245 | D:3      | Reached XP level 3. HP: 20/28 MP: 7/9
   254 | D:3      | Learned a level 3 spell: Spider Form
   274 | D:3      | Reached skill level 5 in Spellcasting
   387 | D:3      | Reached skill level 1 in Invocations
   407 | D:5      | Entered Level 5 of the Dungeon
   408 | D:5      | Found a burning altar of Makhleb.
   462 | D:4      | Found an iron altar of Okawaru.
   462 | D:4      | Noticed a phantom
   484 | D:4      | Killed a phantom
   484 | D:4      | Reached skill level 1 in Short Blades
   484 | D:4      | Reached skill level 1 in Long Blades
   484 | D:4      | Reached skill level 1 in Axes
   484 | D:4      | Reached skill level 1 in Maces & Flails
   484 | D:4      | Reached skill level 1 in Polearms
   484 | D:4      | Reached skill level 1 in Staves
   484 | D:4      | Reached skill level 1 in Slings
   484 | D:4      | Reached skill level 1 in Bows
   484 | D:4      | Reached skill level 1 in Crossbows
   484 | D:4      | Reached skill level 1 in Throwing
   484 | D:4      | Reached skill level 1 in Armour
   484 | D:4      | Reached skill level 1 in Stealth
   484 | D:4      | Reached skill level 1 in Shields
   484 | D:4      | Reached skill level 1 in Conjurations
   484 | D:4      | Reached skill level 1 in Hexes
   484 | D:4      | Reached skill level 1 in Charms
   484 | D:4      | Reached skill level 1 in Summonings
   484 | D:4      | Reached skill level 1 in Necromancy
   484 | D:4      | Reached skill level 1 in Translocations
   484 | D:4      | Reached skill level 1 in Fire Magic
   484 | D:4      | Reached skill level 1 in Ice Magic
   484 | D:4      | Reached skill level 1 in Air Magic
   484 | D:4      | Reached skill level 1 in Earth Magic
   484 | D:4      | Reached skill level 1 in Poison Magic
   484 | D:4      | Reached skill level 1 in Evocations
   484 | D:4      | Reached XP level 4. HP: 23/34 MP: 1/11
   484 | D:4      | Reached XP level 5. HP: 28/40 MP: 1/12
   575 | D:5      | Noticed a black bear
   580 | D:5      | Killed a black bear
   580 | D:5      | Reached skill level 3 in Fighting
   580 | D:5      | Reached skill level 4 in Transmutations
   580 | D:5      | Reached skill level 2 in Invocations
   580 | D:5      | Reached XP level 6. HP: 44/47 MP: 6/13
   611 | D:5      | Found a glowing silver altar of Zin.
   635 | D:5      | Reached skill level 5 in Dodging
   673 | D:5      | Reached skill level 2 in Short Blades
   673 | D:5      | Reached skill level 2 in Long Blades
   673 | D:5      | Reached skill level 2 in Axes
   673 | D:5      | Reached skill level 2 in Maces & Flails
   673 | D:5      | Reached skill level 2 in Polearms
   673 | D:5      | Reached skill level 2 in Staves
   673 | D:5      | Reached skill level 2 in Slings
   673 | D:5      | Reached skill level 2 in Bows
   673 | D:5      | Reached skill level 2 in Crossbows
   673 | D:5      | Reached skill level 2 in Throwing
   673 | D:5      | Reached skill level 2 in Armour
   673 | D:5      | Reached skill level 2 in Stealth
   673 | D:5      | Reached skill level 2 in Shields
   673 | D:5      | Reached skill level 2 in Evocations
   688 | D:5      | Gained mutation: You are clumsy. (Dex -2) [potion of mutation]
   688 | D:5      | Gained mutation: You are dopey. (Int -2) [potion of mutation]
   688 | D:5      | Gained mutation: You are somewhat resistant to further mutation. [potion of mutation]
   689 | D:5      | Lost mutation: You are clumsy. (Dex -2) [potion of mutation]
   689 | D:5      | Lost mutation: You are dopey. (Int -2) [potion of mutation]
   689 | D:5      | Lost mutation: You are somewhat resistant to further mutation. [potion of mutation]
   689 | D:5      | Gained mutation: You are partially covered in molten scales. (AC +2) [potion of mutation]
   689 | D:5      | Gained mutation: Your mind is acute. (Int +2) [potion of mutation]
   689 | D:5      | Gained mutation: You tend to lose your temper in combat. [potion of mutation]
   689 | D:5      | Gained mutation: You are agile. (Dex +2) [potion of mutation]
   690 | D:5      | Lost mutation: You tend to lose your temper in combat. [potion of mutation]
   690 | D:5      | Lost mutation: You are agile. (Dex +2) [potion of mutation]
   690 | D:5      | Lost mutation: Your mind is acute. (Int +2) [potion of mutation]
   690 | D:5      | Gained mutation: Armour fits poorly on your strangely shaped body. [potion of mutation]
   690 | D:5      | Lost mutation: You are partially covered in molten scales. (AC +2) [potion of mutation]
   690 | D:5      | Gained mutation: You are clumsy. (Dex -2) [potion of mutation]
   690 | D:5      | Gained mutation: You are somewhat resistant to further mutation. [potion of mutation]
   699 | D:6      | Found a stormy altar of Qazlal.
   705 | D:6      | HP: 4/47 [poisoned by a scorpion]
   713 | D:6      | HP: 4/47 [poisoned by a scorpion]
   721 | D:6      | HP: 3/47 [poisoned by a scorpion]
   881 | D:6      | Noticed Duvessa
   892 | D:6      | Noticed Dowan
   893 | D:6      | Noticed an orc warrior
   905 | D:6      | Slain by an orc warrior

Skill      XL: |  1  2  3  4  5  6 |
---------------+-------------------+-----
Spellcasting   | 5 |  5.4
Invocations    | 1 2 |  2.3
Short Blades   | 1 2 |  2.1
Long Blades    | 1 2 |  2.1
Axes           | 1 2 |  2.1
Maces & Flails | 1 2 |  2.1
Polearms       | 1 2 |  2.1
Staves         | 1 2 |  2.1
Slings         | 1 2 |  2.1
Bows           | 1 2 |  2.1
Crossbows      | 1 2 |  2.1
Throwing       | 1 2 |  2.1
Armour         | 1 2 |  2.1
Stealth        | 1 2 |  2.1
Shields        | 1 2 |  2.1
Conjurations   | 1 |  1.7
Hexes          | 1 |  1.7
Charms         | 1 |  1.7
Summonings     | 1 |  1.7
Necromancy     | 1 |  1.7
Translocations | 1 |  1.7
Fire Magic     | 1 |  1.7
Ice Magic      | 1 |  1.7
Air Magic      | 1 |  1.7
Earth Magic    | 1 |  1.7
Poison Magic   | 1 |  1.7
Evocations     | 1 2 |  2.1
Fighting       | 3 |  3.3
Transmutations | 4 |  4.2
Dodging        | 5 |  5.0
Unarmed Combat | |  6.9

Action                   |  1- 3 |  4- 6 || total
-------------------------+-------+-------++-------
Melee: Unarmed           |    62 |    23 ||    85
       Bite              |     3 |       ||     3
       Punch             |     1 |       ||     1
       Headbutt          |     1 |       ||     1
       Kick              |     1 |       ||     1
       Dagger            |       |    14 ||    14
 Cast: Beastly Appendage |     8 |       ||     8
       Spider Form       |     6 |     5 ||    11
       Sticks to Snakes  |     2 |     3 ||     5
 Abil: End Transformatio |     1 |       ||     1
Evoke: Wand              |       |     1 ||     1
  Use: Potion            |     2 |     5 ||     7
       Scroll            |       |     9 ||     9
 Stab: Sleeping          |     4 |     1 ||     5
  Eat: Ration            |     1 |     1 ||     2
Armor: Robe              |     6 |     5 ||    11
       Skin              |     1 |       ||     1
Dodge: Dodged            |    28 |    30 ||    58

Table legend:
 A = Turns spent in this place as a percentage of turns spent in the entire game.
 B = Non-inter-level travel turns spent in this place as a percentage of non-inter-level travel turns spent in the entire game.
 C = Inter-level travel turns spent in this place as a percentage of turns spent in this place.
 D = Turns resting spent in this place as a percentage of non-inter-level travel turns spent in this place.
 E = Turns spent auto-exploring this place as a percentage of non-inter-level travel turns spent in this place.
 F = Non-inter-level travel turns spent in this place divided by the number of levels of this place that you've seen.
                   A       B       C       D       E      F
               +-------+-------+-------+-------+-------+----------------------
         Total | 100.0 | 100.0 |   0.0 |   0.0 |   0.0 | 150.8
       Dungeon | 100.0 | 100.0 |   0.0 |   0.0 |   0.0 | 150.8
               +-------+-------+-------+-------+-------+----------------------

Table legend:
 A = Kills in this place as a percentage of kills in entire the game.
 B = Kills by you in this place as a percentage of kills by you in the entire game.
 C = Kills by friends in this place as a percentage of kills by friends in the entire game.
 D = Other kills in this place as a percentage of other kills in the entire game.
 E = Experience gained in this place as a percentage of experience gained in the entire game.
 F = Experience gained in this place divided by the number of levels of this place that you have seen.
                   A       B       C       D       E      F
               +-------+-------+-------+-------+-------+----------------------
         Total | 100.0 | 100.0 |   N/A |   N/A | 100.0 | 101.5
       Dungeon | 100.0 | 100.0 |   N/A |   N/A | 100.0 | 101.5
               +-------+-------+-------+-------+-------+----------------------

Vault maps used:
D:1:      lightli_arrival_quake, minmay_heptomino_o4
D:2:      nicolae_overflow_crystal_walls, minmay_unequal
D:3:      minmay_door_path, yredelemnul_forgotten_temple_becter,
          nicolae_overflow_hidden_temple, old_standard_altar,
          nicolae_gozag_seed_capital, first_ration
D:4:      old_standard_altar, tgw_sif, kennysheep_slug_shrine
D:5:      zin_treasury, temple_green, basic_altar, minmay_misc_feat_alley
D:6:      grunt_qazlal_clouds, uniq_duvessa
